 Dungeon Crawl Stone Soup version 0.14-a0-2374-ge879b5e (webtiles) character file.

308 Mitsuki the Shield-Bearer (level 5, -6/33 HPs)
             Began as a Gargoyle Fighter on Feb 1, 2014.
             Mangled by Menkaure (15 damage)
             ... on Level 4 of the Dungeon.
             The game lasted 00:06:10 (2241 turns).

Mitsuki the Shield-Bearer (Gargoyle Fighter)        Turns: 2241, Time: 00:06:10

HP  -6/33        AC 16     Str 20      XL: 5   Next: 45%
MP   5/5         EV  9     Int  9      God:
Gold 144         SH  9     Dex  9      Spells:  0 memorised,  4 levels left

rFire  . . .     SeeInvis .     a - +0 mace
rCold  . . .     Clarity  .     b - +0 scale mail
rNeg   + . .     Conserve .     v - +0 dwarf buckler
rPois  +         rCorr    .     (no helmet)
rElec  +         rRot     +     f - +2 cloak
SustAb . .       Spirit   .     e - +0 pair of gloves
rMut   .         Warding  .     y - +0 pair of orc boots
Saprov . . .     Stasis   .     (no amulet)
MR     .....                    (no ring)
                                (no ring)

@: not resistant to hostile enchantments, extremely unstealthy
A: life protection 1, electricity resistance, unbreathing, petrification
resistance, AC +4
a: no special abilities


You were on level 4 of the Dungeon.
You were not hungry.

You visited 1 branch of the dungeon, and saw 4 of its levels.

You collected 144 gold pieces.

Inventory:

Hand weapons
 a - a +0,+0 mace (weapon)
Armour
 b - a +0 scale mail (worn)
 e - a +0 pair of gloves (worn)
 f - a +2 cloak (worn)
 l - a +0 shield
 v - a +0 dwarven buckler (worn)
 y - a +0 pair of orcish boots (worn)
Comestibles
 d - 5 bread rations
 q - an apple
 u - a chunk of iguana flesh
 x - a meat ration
Scrolls
 c - 2 scrolls of immolation {unknown}
 i - 3 scrolls of identify {unknown}
 n - a scroll of magic mapping {unknown}
 p - a scroll of remove curse {unknown}
 r - a scroll of curse weapon {unknown}
 s - 2 scrolls of fear {unknown}
 w - a scroll of amnesia {unknown}
Jewellery
 o - an uncursed ring of sustain abilities {unknown}
 z - an uncursed ring of protection from fire {unknown}
Potions
 g - 3 potions of curing {unknown}
 h - a potion of restore abilities {unknown}
 j - 4 potions of speed {unknown}
 k - 2 potions of heal wounds {unknown}
 m - 2 potions of paralysis {unknown}
 t - a potion of agility {unknown}
 B - a potion of poison {unknown}


   Skills:
 + Level 3.8 Fighting
 + Level 3.3 Maces & Flails
 + Level 4.5 Armour
 + Level 0.5 Stealth
 + Level 4.5 Shields


You had 4 spell levels left.
You didn't know any spells.

Dungeon Overview and Level Annotations

Branches:
Dungeon (4/16)
 Temple: D:4-7

Altars:
Makhleb

Annotations:
D:4 Menkaure


Innate Abilities, Weirdness & Mutations

You are resistant to torment.
You are immune to poison.
Your stone body is very resilient (AC +4).
You resist negative energy.
You are resistant to electric shocks.
You can survive without breathing.
You are immune to petrification.


Message History

You block Menkaure's attack.
You closely miss Menkaure. Menkaure hits you. You block Menkaure's attack.
You hit Menkaure but do no damage. Menkaure casts a spell at you.
Pain shoots through your body!
You hit Menkaure but do no damage. You block Menkaure's attack.
Menkaure barely misses you.
You closely miss Menkaure. You block Menkaure's attack.
You sock Menkaure!
Menkaure is moderately damaged.
Menkaure hits you! Menkaure hits you but does no damage.
Your shield and scale mail prevent you from hitting Menkaure.
Menkaure is moderately damaged.
Menkaure hits you but does no damage.
You hit Menkaure but do no damage.
Menkaure is moderately damaged.
Menkaure hits you.
* * * LOW HITPOINT WARNING * * *
Menkaure hits you!
You die...

.###...##.# .
..........# .#
####...#### .#
##.......###### .#
...#####......# .# ##.#
#.####.## .# ...#
#.###...##.# ##.#
#.##.....#.#######
#.#####........@M.......
#.<.....##.....#########
#.#########...## #.#
##### #.# #.# (># ###


You could see Menkaure.

Vanquished Creatures
  A hound (D:2)
  An iguana (D:4)
  6 adders
  4 giant geckos
  8 hobgoblins
  5 jackals
  7 kobolds
  A quokka (D:3)
  2 ball pythons (D:1)
  A ball python skeleton (D:4)
  10 bats
  4 giant newts
  3 goblins
  4 rats
57 creatures vanquished.

Notes
Turn   | Place    | Note
--------------------------------------------------------------
     0 | D:1      | Mitsuki, the Gargoyle Fighter, began the quest for the Orb.
     0 | D:1      | Reached XP level 1. HP: 14/14 MP: 1/1
   161 | D:1      | Reached XP level 2. HP: 6/19 MP: 2/2
   753 | D:1      | Reached XP level 3. HP: 23/23 MP: 3/3
  1123 | D:2      | Reached skill level 4 in Shields
  1448 | D:2      | Reached XP level 4. HP: 25/28 MP: 4/4
  1464 | D:2      | Found a burning altar of Makhleb.
  1639 | D:3      | Reached XP level 5. HP: 33/33 MP: 5/5
  2228 | D:4      | Noticed Menkaure
  2241 | D:4      | Mangled by Menkaure

Action                   |  1- 3 |  4- 6 || total
-------------------------+-------+-------++-------
Melee: Mace              |   152 |    98 ||   250
